 Dungeon Crawl Stone Soup version 0.22-a0-858-g985ef60 (webtiles) character file.

35 Amnesiac the Vexing (level 3, 0/24 HPs)
             Began as a Mummy Enchanter on July 27, 2018.
             Killed from afar by an orc wizard (12 damage)
             ... with a puff of flame
             ... on level 4 of the Dungeon.
             The game lasted 00:02:39 (1644 turns).

Amnesiac the Vexing (Mummy Enchanter)               Turns: 1644, Time: 00:02:39

Health: 0/24       AC:  2    Str: 11    XL:     3   Next: 17%
Magic:  7/7        EV: 12    Int: 15    God:
Gold:   104        SH:  0    Dex: 12    Spells: 1/8 levels left

rFire    x . .     SeeInvis .   a - +1 dagger
rCold    + . .     Gourm    .   (no shield)
rNeg     + + +     Faith    .   b - +0 robe
rPois    ∞         Spirit   .   (no helmet)
rElec    .         Reflect  .   (no cloak)
rCorr    .         Harm     .   (no gloves)
MR       .....                  (no boots)
Stlth    +.........             (no amulet)
HPRegen  0.08/turn              (no ring)
MPRegen  0.10/turn              (no ring)

@: confused
A: no food or potions, fire vulnerability, cold resistance 1, negative energy
resistance 3, torment resistance, unbreathing
a: no special abilities


You were on level 4 of the Dungeon.
You were not hungry.

You visited 1 branch of the dungeon, and saw 4 of its levels.

You collected 104 gold pieces.

Inventory:

Hand Weapons
 a - a +1 dagger (weapon)
 c - a +0 spear
Armour
 b - a +0 robe (worn)
Wands
 g - a wand of iceblast (11)
Scrolls
 d - a scroll of noise {!r, unknown}
 e - a scroll of fear {!r, unknown}
 f - a scroll of identify {!r, unknown}
 h - a scroll of blinking {!r, unknown}
 i - a scroll of remove curse {!r, unknown}


   Skills:
 - Level 1.0 Short Blades
 - Level 1.5 Dodging
 + Level 2.6 Stealth
 + Level 3.2 Spellcasting
 * Level 3.3 Hexes


You had one spell level left.
You knew the following spells:

 Your Spells              Type           Power        Failure   Level  Hunger
a - Corona                Hex            ##.....      4%          1    N/A
e - Confuse               Hex            ##......     14%         3    N/A
w - Tukima's Dance        Hex            ##......     14%         3    N/A

Your spell library contained the following spells:

 Spells                   Type           Power        Failure   Level  Hunger
 Ensorcelled Hibernation  Hex/Ice        #.....       14%         2    N/A
 Dazzling Spray           Conj/Hex       #.....       28%         3    N/A

Dungeon Overview and Level Annotations

Branches:
Dungeon (4/15)
 Temple: D:4-7

Altars:
Xom

Shops:
D:4 (


Innate Abilities, Weirdness & Mutations

You do not eat or drink.
Your flesh is vulnerable to fire.
You are immune to poison.
Your flesh is cold resistant. (rC+)
You are immune to negative energy. (rN+++)
You are immune to unholy pain and torment.
You can survive without breathing.


Message History

You kill the frilled lizard!
You see here a frilled lizard corpse.
Magic restored.
i - a scroll labeled MIUNLU ZUVYNT {!r} HP restored.
You see here a frilled lizard corpse.
You open the door.
There is an open door here.
Done exploring.
There is an open door here.
There is a stone staircase leading down here.
You climb downwards.
You hear the sound of rushing water.
There is an entrance to a sewer on this level.
Hurry and find it before the portal rusts away!
A worker ant comes into view.
Found a shimmering altar of Xom.
There is a stone staircase leading up here.
Unknown command.
A shadow imp comes into view.
The worker ant bites you.
The shadow imp shouts, "Return whence thou came, thou mammering dismal-dreaming clothbag!"
The teleport trap disappears.
The shadow imp disappears!
An orc comes into view. It is wielding a dagger.
The orc shouts!
Really walk into that teleport trap?
You enter a teleport trap!
The teleport trap disappears.
Your surroundings suddenly seem different.
A worker ant comes into view.
The shadow imp hits you but does no damage.
Found a puce potion.
Found a stone staircase leading down.
The shadow imp barely misses you.
The worker ant twitches its antennae in your direction.
The shadow imp hits you.
The orc appears out of thin air!
The shadow imp barely misses you.
The worker ant bites you but does no damage.
The shadow imp hits you. The worker ant closely misses you.
The shadow imp puffs mist at you.
There is a stone staircase leading down here.
The worker ant bites you.
Found a falchion and a ration.
Found Xiroecse's Weapon Emporium.
The worker ant barely misses you.
Really walk into that teleport trap?
You enter a teleport trap!
The teleport trap disappears.
Your surroundings suddenly seem different.
A giant cockroach, 2 orcs and an orc wizard come into view.
Found a wand of iceblast (4) and a scroll labeled MIUNLU ZUVYNT.
A howler monkey comes into view.
The orc shouts!
The orc wizard shouts!
You hear a shout!
The howler monkey hoots and howls with incredible vigour!
An orc comes into view. It is wielding a club.
The orc wizard gestures at you while chanting.
You are confused.
The orc shouts!
The orc barely misses you. The orc barely misses you.
The orc hits you with a hand axe!
* * * LOW HITPOINT WARNING * * *
The orc wizard hits you but does no damage.
The orc wizard casts a spell at you. The puff of flame hits you!
The fire burns you terribly!
Ouch! That really hurt!
You die...

.#?.#####..##
#.... .
..................
..
#.........######..
...###.........##
#..
..........h....
... .
............####
#.## ...
#oo.........# #.
.....##.s/.....#
.......@oo.....#
..##.########### #


You could see a howler monkey, an orc wizard, 3 orcs and a giant cockroach.

Vanquished Creatures
  An adder (D:2)
  A worm (D:2)
  A dart slug (D:1)
  2 leopard geckos (D:1)
  A giant cockroach (D:1)
  A goblin (D:1)
  5 hobgoblins (D:1)
  2 kobolds (D:1)
  A ball python (D:1)
  2 bats (D:1)
  A frilled lizard (D:3)
18 creatures vanquished.

Notes
Turn   | Place    | Note
-------+----------+-------------------------------------------
     0 | D:1      | Amnesiac the Mummy Enchanter began the quest for the Orb.
     0 | D:1      | Reached XP level 1. HP: 13/13 MP: 4/4
   274 | D:1      | Reached skill level 1 in Short Blades
   518 | D:1      | Reached XP level 2. HP: 17/19 MP: 2/5
  1427 | D:2      | Reached XP level 3. HP: 20/24 MP: 5/7
  1432 | D:2      | Learned a level 3 spell: Confuse
  1436 | D:2      | Learned a level 3 spell: Tukima's Dance
  1617 | D:4      | Found a shimmering altar of Xom.
  1634 | D:4      | Found Xiroecse's Weapon Emporium.
  1644 | D:4      | Killed from afar by an orc wizard

Vault maps used:
D:1:      scummos_arrival_forest
D:2:      wad_crossroads, lemuel_round_altar, lemuel_coloured_pillars_altar,
          tso_metal_star, kennysheep_generic_room_14, uniq_terence
D:3:      old_standard_altar, first_ration
D:4:      xom_teletrap_fun, portal_sewer_entry_e, serial_shops,
          nicolae_shop_stone, nicolae_shop_waterfront

Skill      XL: |  1  2 |
---------------+-------+-----
Short Blades   | 1 |  1.0
Hexes          | 3 |  3.3
Spellcasting   | 3 |  3.2
Dodging        | |  1.5
Stealth        | |  2.6

Action                   || total
-------------------------++-------
Melee: Dagger            ||    79
 Cast: Corona            ||    24
       Confuse           ||     1
 Stab: Sleeping          ||     2
       Confused          ||     2
Armor: Robe              ||     9
Dodge: Dodged            ||    60

Table legend:
 A = Spawn XP
 B = Non-spawn XP
 C = Spawn XP percentage of total XP
 D = Spawn monster count
 E = Non-spawn monster count
 F = Spawn count percentage of total count
 G = Total turns spent on level
                    A         B        C        D         E        F      G
               +---------+---------+-------+---------+---------+-------+---------
         Total |       0 |      51 |   0.0 |       0 |      18 |   0.0 |  1644
               +---------+---------+-------+---------+---------+-------+---------
           D:1 |       0 |      31 |   0.0 |       0 |      15 |   0.0 |  1423
           D:2 |       0 |      19 |   0.0 |       0 |       2 |   0.0 |    59
           D:3 |       0 |       1 |   0.0 |       0 |       1 |   0.0 |   135
               +---------+---------+-------+---------+---------+-------+---------
